Map: 2000 Atmospheres LE

Players

A.I. 1 (Elite)

  • Race: Terran Terran
  • Spawn Location: 3:00

Phreek - Winner!

  • Race: Protoss Protoss
  • Spawn Location: 7:00

VOD

Have the link to the VOD?

Description

Time

  • Played on: April 17, 2021, 12:27 a.m.
  • Length: 16:22
Show
View Real Time Build Order
Export as new Build Order

A.I. 1 (Elite) Terran 

Build Orders: 2 Factory, Mech 

Get SALT Encoding   

  12  0:00  SCV  
  13  0:13  SCV  
  14  0:18  Supply Depot  
  14  0:25  SCV  
  15  0:40  SCV  
  16  0:43  Barracks  
  16  0:52  SCV  
  18  1:04  SCV  
  18  1:16  SCV  
  19  1:19  Command Center  
  19  1:32  Marine  
  20  1:33  Orbital Command  
  20  1:39  Refinery  
  20  1:49  Marine  
  20  1:50  Supply Depot  
  21  1:59  SCV  
  22  2:04  Refinery  
  22  2:07  Marine  
  23  2:11  SCV  
  24  2:23  SCV  
  24  2:25  Marine  
  26  2:32  Orbital Command  
  26  2:35  SCV  
  27  2:39  Factory  
  27  2:43  Marine  
  28  2:48  SCV  
  29  2:58  Factory  
  29  3:00  SCV x2  
  29  3:01  Marine  
  32  3:12  SCV x2  
  34  3:15  Supply Depot  
  34  3:19  Marine  
  35  3:22  Factory Tech Lab  
  35  3:24  SCV x2  
  37  3:36  SCV x2  
  39  3:41  Factory Tech Lab  
  39  3:42  Siege Tank  
  39  3:46  Supply Depot  
  39  3:48  SCV x2  
  44  4:00  Siege Tank, SCV x2  
  49  4:03  Marine, Supply Depot  
  50  4:12  SCV x2  
  50  4:14  Supply Depot  
  52  4:17  Siege Tank  
  55  4:24  SCV x2  
  55  4:28  Supply Depot  
  55  4:30  Marine  
  58  4:36  SCV x2  
  60  4:41  Siege Tank, Barracks  
  63  4:48  Marine, SCV  
  63  4:49  SCV  
  63  4:50  Supply Depot  
  66  5:01  SCV x2  
  66  5:02  Armory, Hellion  
  66  5:05  Refinery  
  66  5:06  Refinery  
  70  5:08  Barracks Tech Lab  
  70  5:13  Hellion, SCV  
  73  5:18  Command Center  
  73  5:23  Hellion  
  73  5:27  SCV x2  
  77  5:35  Hellion  
  79  5:39  SCV x2  
  81  5:45  Hellion  
  81  5:48  Supply Depot  
  81  5:49  Terran Vehicle Weapons Level 1  
  83  5:50  Armory  
  83  5:51  SCV  
  83  5:52  Engineering Bay  
  83  5:56  Hellion  
  86  5:59  Factory  
  86  6:07  Siege Tank  
  89  6:12  Supply Depot  
  89  6:13  Marine  
  89  6:15  Marine  
  89  6:17  Stimpack, Hellion  
  93  6:18  Missile Turret  
  93  6:22  Missile Turret  
  93  6:30  SCV  
  93  6:31  SCV x2  
  93  6:32  Engineering Bay  
  96  6:35  Refinery  
  96  6:36  Terran Infantry Weapons Level 1  
  96  6:37  Terran Vehicle And Ship Armor Level 1  
  96  6:42  SCV  
  96  6:43  SCV  
  96  6:44  Refinery, SCV  
  99  6:49  Missile Turret  
  99  6:53  Missile Turret  
  99  6:54  Marauder, SCV  
  99  6:56  SCV x2  
  99  6:58  Terran Infantry Armor Level 1  
  104  7:04  Siege Tank  
  104  7:07  Supply Depot, SCV  
  104  7:08  SCV  
  109  7:09  Orbital Command  
  109  7:11  Hellion  
  111  7:16  Marauder  
  111  7:17  Missile Turret, Infernal Pre-Igniter  
  111  7:19  Widow Mine, SCV  
  111  7:20  SCV  
  117  7:31  SCV  
  117  7:32  Cyclone, SCV  
  117  7:34  SCV  
  117  7:36  Supply Depot, Widow Mine  
  125  7:37  Marauder  
  125  7:42  Starport  
  125  7:43  SCV  
  128  7:45  Missile Turret  
  128  7:52  SCV  
  128  7:54  Widow Mine  
  128  7:56  Combat Shield  
  128  7:58  Cyclone  
  134  7:59  Marauder  
  134  8:02  Supply Depot  
  134  8:04  Widow Mine  
  138  8:05  Missile Turret  
  138  8:12  Command Center  
  138  8:20  Medivac  
  138  8:24  Barracks Reactor  
  138  8:25  Supply Depot  
  140  8:28  Missile Turret  
  140  8:33  Barracks  
  140  8:34  Terran Infantry Weapons Level 2  
  140  8:39  Terran Vehicle Weapons Level 2  
  140  8:43  Hellion  
  140  8:46  Starport, Hellion  
  140  8:48  Supply Depot  
  144  8:50  Medivac  
  146  8:56  Hi-Sec Auto Tracking  
  146  9:03  Missile Turret  
  146  9:09  Marine  
  147  9:10  Marine x2  
  147  9:11  Supply Depot  
  147  9:15  Siege Tank  
  152  9:20  Barracks Tech Lab  
  152  9:21  Starport Tech Lab  
  152  9:22  Missile Turret, Medivac  
  154  9:27  Marine  
  154  9:29  Marauder  
  148  9:32  Command Center, Refinery, Planetary Fortress  
  148  9:36  Missile Turret  
  148  9:38  Missile Turret, Marauder  
  111  9:39  Marine  
  111  9:42  Missile Turret  
  111  9:44  Siege Tank, Barracks  
  111  9:45  Marine  
  98  9:47  Factory, Hellion  
  98  9:48  Raven  
  98  9:49  Hellion  
  98  9:50  Marauder  
  104  9:52  Neosteel Armor  
  104  9:57  Marine  
  104  9:59  Marauder  
  107  10:03  Marine  
  108  10:08  Hellion  
  108  10:11  Marauder, Siege Tank  
  108  10:12  SCV  
  115  10:15  Marine  
  115  10:16  Widow Mine  
  115  10:21  Marine, Marauder  
  100  10:29  Hellion  
  100  10:31  Marine, Widow Mine  
  100  10:32  Marine  
  100  10:33  Marine  
  93  10:36  SCV  
  93  10:37  Cyclone, SCV  
  93  10:38  Marine  
  93  10:42  Marauder  
  93  10:43  Siege Tank, SCV  
  93  10:48  SCV  
  93  10:49  Marine  
  83  10:51  Marauder  
  75  11:04  Marauder  
  60  11:05  Marine  
  60  11:06  Marine  
  52  11:12  Marine  
  52  11:13  Siege Tank  
  52  11:14  Hellion  
  52  11:22  Marine  
  43  11:29  Marine  
  43  11:30  Marine, Hellion  
  39  11:46  Siege Tank  
  20  12:16  Command Center  
  13  12:54  SCV  
  14  12:58  SCV  
  14  13:03  SCV  
  16  13:11  Marine  
  15  13:22  SCV  
  8  14:00  SCV x3  
  11  14:12  SCV  
  12  14:21  Command Center  
  11  14:51  Command Center  
  7  15:40  SCV x2  
  4  15:52  SCV  
  5  16:04  SCV  
Show
View Real Time Build Order
Export as new Build Order

Phreek Protoss - Winner!

Build Orders: 1 Gate Expand 

Get SALT Encoding   

  12  0:00  Probe  
  13  0:12  Probe  
  14  0:18  Pylon  
  14  0:25  Probe  
  15  0:37  Probe (Chrono Boost), Gateway  
  16  0:43  Assimilator  
  16  0:49  Probe (Chrono Boost)  
  18  0:57  Probe (Chrono Boost)  
  18  1:03  Probe  
  19  1:15  Probe  
  20  1:27  Cybernetics Core, Probe  
  21  1:39  Nexus  
  21  1:46  Pylon  
  21  1:48  Probe  
  22  1:57  Assimilator  
  22  2:00  Probe  
  23  2:09  Pylon  
  23  2:12  Warp Gate (Chrono Boost)  
  23  2:22  Stalker  
  25  2:28  Probe  
  26  2:40  Probe  
  27  2:52  Stalker  
  27  2:55  Gateway x2  
  29  2:59  Probe  
  30  3:07  Probe  
  30  3:11  Probe  
  33  3:20  Probe  
  33  3:23  Probe  
  36  3:32  Probe  
  37  3:35  Probe  
  38  3:44  Probe  
  38  3:47  Probe  
  38  3:55  Stalker x2  
  42  3:56  Probe, Stalker  
  42  3:59  Probe  
  46  4:08  Probe  
  47  4:11  Probe  
  48  4:20  Probe  
  48  4:22  Nexus  
  48  4:23  Probe  
  50  4:24  Pylon  
  50  4:30  Pylon  
  50  4:32  Probe  
  50  4:35  Probe  
  50  4:37  Adept  
  50  4:38  Pylon  
  54  4:42  Robotics Facility  
  54  4:43  Stalker  
  54  4:44  Probe, Stalker  
  59  5:00  Zealot  
  61  5:12  Gateway x2  
  61  5:14  Gateway  
  61  5:21  Gateway x2  
  61  5:25  Pylon  
  61  5:28  Pylon  
  61  5:38  Pylon  
  61  5:39  Zealot x3  
  61  5:42  Pylon  
  67  5:46  Pylon  
  67  5:51  Probe x2  
  67  5:52  Pylon  
  67  5:54  Shield Battery  
  67  5:56  Probe  
  70  6:03  Probe x2  
  72  6:08  Probe  
  73  6:13  Zealot x4  
  73  6:14  Zealot x3  
  73  6:15  Probe, Zealot  
  73  6:16  Probe  
  91  6:20  Probe  
  92  6:28  Probe x2  
  95  6:32  Probe  
  95  6:35  Pylon x2  
  95  6:40  Probe x2, Pylon  
  95  6:42  Pylon  
  95  6:44  Probe, Pylon  
  95  6:46  Pylon  
  98  6:50  Stalker  
  98  6:51  Stalker x2  
  98  6:52  Stalker x2  
  108  6:55  Pylon, Stalker  
  108  6:56  Stalker  
  108  7:00  Zealot  
  114  7:08  Pylon  
  114  7:10  Probe x2, Pylon  
  116  7:17  Immortal  
  116  7:22  Probe x2  
  122  7:24  Assimilator  
  122  7:28  Assimilator  
  122  7:34  Assimilator  
  122  7:38  Assimilator  
  122  7:41  Zealot  
  122  7:42  Zealot x2  
  122  7:43  Zealot x4  
  136  7:44  Zealot  
  138  8:18  Sentry  
  138  8:19  Sentry x2  
  144  8:26  Zealot x3  
  150  8:27  Zealot x2  
  154  8:48  Zealot x2  
  154  8:49  Zealot x4  
  154  8:50  Zealot x2  
  103  9:39  Zealot x4  
  103  9:40  Zealot x4  
  119  10:00  Immortal  
  119  10:07  Stalker x2  
  119  10:08  Stalker x4  
  119  10:09  Stalker  
  119  10:10  Stalker  
  113  10:39  Immortal  
  113  10:40  Stalker x4  
  113  10:41  Stalker x2  
  125  10:43  Stalker  
  103  11:13  Probe x2  
  109  11:18  Immortal  
  109  11:25  Probe x2  
  109  11:33  Nexus  
  109  11:37  Probe x2  
  109  11:39  Assimilator  
  111  11:43  Assimilator  
  111  11:49  Probe x2  
  113  11:57  Immortal  
  115  12:01  Probe x2  
  115  12:13  Probe  
  115  12:14  Probe  
  117  12:25  Probe  
  117  12:26  Probe  
  117  12:29  Stalker x3  
  125  12:30  Stalker x3  
  125  12:31  Stalker  
  125  12:32  Stalker  
  139  12:37  Immortal  
  139  12:47  Probe  
  139  12:48  Probe  
  141  12:59  Probe  
  141  13:00  Probe  
  143  13:11  Probe  
  143  13:12  Probe  
  145  13:24  Probe x2  
  147  13:42  Immortal  
  151  14:05  Nexus  
  151  14:07  Assimilator  
  151  14:11  Assimilator  
  151  14:15  Pylon  
  151  14:21  Immortal  
  155  14:25  Stalker x2  
  155  14:26  Stalker x2  
  155  14:27  Stalker x2  
  155  14:28  Stalker  
  169  14:53  Pylon  
  169  15:00  Immortal  
  173  15:34  Stalker  
  173  15:35  Stalker x6  
  181  15:36  Stalker  
  181  15:39  Immortal  
Tags
 
Add a new tag
Caveats
  • Supply blocks, unpowered buildings, or Contaminate may cause inaccurate times.
  • Supply counts are checked every 10 seconds.